 Dungeon Crawl Stone Soup version 0.30-a0-652-gcc886f7154 (webtiles) character file.

Game seed: 916137045754487648

54 greasedhog the Shield-Bearer (level 3, -3/35 (37) HPs)
             Began as a Troll Fighter on Jan 18, 2023.
             Slain by a goblin
             ... wielding a +4 dagger of draining
             ... led by Robin
              (5 damage)
             ... on level 2 of the Dungeon.
             The game lasted 00:00:56 (815 turns).

greasedhog the Shield-Bearer (Troll Fighter)         Turns: 815, Time: 00:00:56

HP:   -3/35 (37)    AC:  4    Str: 24    XL:     3   Next: 66%
MP:   2/2           EV:  8    Int:  6    God:
Gold: 23            SH:  7    Dex:  9    Spells: 2/2 levels left

rFire   . . .      SeeInvis .      - Unarmed
rCold   . . .      Faith    .    b - +0 kite shield
rNeg    . . .      Spirit   .    a - +0 robe
rPois   .          Reflect  .    (helmet restricted)
rElec   .          Harm     .    (no cloak)
rCorr   .          Rampage  .    (gloves unavailable)
Will    .....                    (boots unavailable)
Stlth   +                        (no amulet)
HPRegen 1.05/turn                (no ring)
MPRegen 0.08/turn                (no ring)

@: lethally poisoned (-3 -> -11), drained
A: large, unfitting armour, claws 3, regeneration 1, shaggy fur 1, tough skin 1
a: no special abilities


You were on level 2 of the Dungeon.
You visited 1 branch of the dungeon, and saw 2 of its levels.

You collected 23 gold pieces.

Inventory:

Armour
 a - a +0 robe (worn)
 b - a +0 kite shield (worn)
Scrolls
 d - 2 scrolls of magic mapping
 e - a scroll of fog
 f - a scroll of amnesia {unknown}
 g - 3 scrolls of immolation
 h - a scroll of summoning {unknown}
 i - a scroll of fear {unknown}
Potions
 c - a potion of might


   Skills:
 * Level 3.0 Fighting
 - Level 2.4 Dodging
 * Level 3.3 Shields
 * Level 2.8 Unarmed Combat


You had 2 spell levels left.
You didn't know any spells.
Your spell library contained the following spells:

 Spells                   Type           Power      Damage    Failure   Level
 Gell's Gravitas          Tloc           0%         N/A       98%         3
 Teleport Other           Tloc           0%         N/A       98%         3
 Dispersal                Tloc           0%         N/A       100%        6


Dungeon Overview and Level Annotations

Branches:
Dungeon (2/15)

Altars:

Annotations:
D:2 Robin


Innate Abilities, Weirdness & Mutations

You are too large for most types of armour.
You have claws for hands.
Your natural rate of healing is unusually fast.
You are covered in fur. (AC +1)
You have tough skin. (AC +1)


Message History

You are poisoned.
You block the goblin's attack. The goblin barely misses you.
You closely miss the goblin.
The goblin is heavily wounded.
You feel sick.
The goblin hits you with a +2 dagger of venom.
You are more poisoned.
The goblin barely misses you. x2
You claw the goblin!
You kill the goblin!
You feel very sick.
The goblin hits you with a +4 dagger of draining.
You feel drained. The goblin hits you with a +0 club.
The goblin completely misses you. You block the goblin's attack.
You claw the goblin!
You kill the goblin!
You feel very sick. The goblin hits you with a +0 club.
The goblin hits you with a +4 dagger of draining.
You feel drained.
Robin says, "My army is invincible!"
You block the goblin's attack. The goblin hits you but does no damage.
Unknown command.
The goblin attacks as you move away! The goblin barely misses you.
You feel very sick.
Robin roars a battlecry!
The goblins go into a battle-frenzy!
The goblin hits you with a +2 dagger of venom.
You are lethally poisoned!
The goblin hits you with a +0 club.
* * * LOW HITPOINT WARNING * * *
The goblin attacks as you move away! You block the goblin's attack.
A goblin comes into view. It is wielding a +0 dagger.
* * * LOW HITPOINT WARNING * * *
You feel very sick.
The goblin shouts!
Robin throws the goblin at you!
* * * LOW HITPOINT WARNING * * *
The goblin hits you with a +4 dagger of draining.
You die...

# ..# ### .###..# #>.
##.#...#### #.#
#.###.......?.# #.#
....g.g...... ...
#.g.......# #.# #g....#
#ggg..# ...###@g...#
#.# ........g..## #.
#.# #...####...# #.##.#
## #...# #.#..#
#.######..########....#
.......................
#..#####..#######......
# #.....# #.....
.......###.# #....#


You could see Robin, a hobgoblin (strong) and 7 goblins.

Vanquished Creatures
  Terence (D:2)
  An adder (D:2)
  4 bats
  2 endoplasms (D:1)
  A giant cockroach (D:1)
  2 goblins (D:2)
  A hobgoblin (D:1)
  5 ball pythons
  3 frilled lizards (D:1)
  2 kobolds (D:1)
  A rat (D:2)
23 creatures vanquished.

Notes
Turn   | Place    | Note
-------+----------+-------------------------------------------
     0 | D:1      | greasedhog the Troll Fighter began the quest for the Orb.
     0 | D:1      | Reached XP level 1. HP: 22/22 MP: 0/0
   267 | D:1      | Reached XP level 2. HP: 29/29 MP: 1/1
   711 | D:2      | Noticed Terence
   724 | D:2      | Killed Terence
   725 | D:2      | Reached XP level 3. HP: 36/36 MP: 2/2
   809 | D:2      | Noticed Robin
   815 | D:2      | Slain by a goblin

Illustrated notes

Levels and vault maps discovered:
D:1:      matt_arrival_spirals, layout_basic, nrook_uturn
D:2:      layout_loops_ring, basic_altar, uniq_terence, uniq_robin

Skill      XL: |  1  2  3 |
---------------+----------+-----
Shields        | 3 |  3.3
Fighting       | 3 |  3.0
Dodging        | |  2.4
Unarmed Combat | |  2.8

Action                   || total
-------------------------++-------
Melee: Unarmed           ||    59
  Use: Scroll            ||     3
 Stab: Sleeping          ||     1
Armor: Robe              ||    21
Dodge: Dodged            ||    27
Block: Kite shield       ||    23

Table legend: (Time is in decaauts)
 A = Elapsed time spent in this place.
 B = Non-inter-level travel time spent in this place.
 C = Inter-level travel time spent in this place.
 D = Time resting spent in this place.
 E = Time spent auto-exploring this place.
 F = Levels seen in this place.
 G = Mean time per level.
                   A        B        C        D        E       F      G
               +--------+--------+--------+--------+--------+-----+--------+
         Total |    820 |    774 |     46 |      0 |    627 |   2 |  410.0 |
       Dungeon |    820 |    774 |     46 |      0 |    627 |   2 |  410.0 |
               +--------+--------+--------+--------+--------+-----+--------+

Top non-repeatable levels by time:
     D:1: 666 daAuts
     D:2: 154 daAuts
